 Dungeon Crawl Stone Soup version 0.31-a0-83-gbff143cfd1 (webtiles) character file.

Game seed: 8265744443820028775

18 frimble the Grasshopper (level 2, -2/19 HPs)
             Began as an Octopode Warper on May 24, 2023.
             Slain by Sigmund
             ... wielding a +4 vampiric scythe
              (13 damage)
             ... on level 2 of the Dungeon.
             The game lasted 00:00:30 (784 turns).

frimble the Grasshopper (Octopode Warper)            Turns: 784, Time: 00:00:31

Health: -2/19      AC:  1    Str: 10    XL:     2   Next: 66%
Magic:  5/5        EV: 13    Int: 15    God:
Gold:   73         SH:  0    Dex: 11    Spells: 5/5 levels left

rFire   . . .        e - +0 short sword (drain)
rCold   . . .        (no shield)
rNeg    . . .        (helmet restricted)
rPois   .            (no amulet)
rElec   .            (no ring)
rCorr   .            (no ring)
SInv    .            (no ring)
Will    .....        (no ring)
Stlth   ++           (no ring)
HPRegen 0.23/turn    (no ring)
MPRegen 0.09/turn    (no ring)
                     (no ring)

%: no passive effects
@: no status effects
A: almost no armour, amphibious, 8 rings, camouflage 1, gelatinous body 1,
(nimble swimmer 1), tentacles
a: no special abilities


You were on level 2 of the Dungeon.
You visited 1 branch of the dungeon, and saw 2 of its levels.

You collected 73 gold pieces.

Inventory:

Hand Weapons
 e - a +0 short sword of draining (weapon)
Missiles
 c - 7 boomerangs of dispersal (quivered)
Scrolls
 a - a scroll of identify {unknown}
 b - a scroll of blinking
Potions
 d - a potion of degeneration {unknown}
 f - a potion of resistance {unknown}
 g - a potion of curing {unknown}


   Skills:
 - Level 2.1 Fighting
 + Level 2.8 Short Blades
 - Level 1.1 Throwing
 - Level 2.4 Dodging
 - Level 2.0 Spellcasting
 - Level 3.0 Translocations


You had 5 spell levels left.
You didn't know any spells.
Your spell library contained the following spells:

 Spells                   Type           Power      Damage    Failure   Level
 Blink                    Tloc           20%        N/A       10%         2
 Lesser Beckoning         Tloc           20%        N/A       10%         2
 Teleport Other           Tloc           10%        N/A       19%         3
 Vhi's Electric Charge    Tloc/Air       10%        N/A       36%         3
 Manifold Assault         Tloc           10%        N/A       54%         4


Dungeon Overview and Level Annotations

Branches:
Dungeon (2/15)

Altars:

Annotations:
D:2 Sigmund


Innate Abilities, Weirdness & Mutations

You cannot wear most types of armour.
You are amphibious.
You can wear up to eight rings at the same time.
Your skin changes colour to match your surroundings (Stealth+).
Your rubbery body absorbs attacks. (AC +1, EV +1)
((You are camouflaged when in or above water. (Stealth+)))
You have tentacles for arms and can constrict up to eight enemies at once.


Message History

Done exploring.
Done exploring.
Done exploring.
Done exploring.
No target in view!
No target in view!
No target in view!
(D) Dungeon
Where to? (? - help)
There is an open door here.
There is a stone staircase leading down here.
You climb downwards.
There is a stone staircase leading up here.
Sigmund and a giant cockroach come into view.
Sigmund is wielding a +4 vampiric scythe.
Sigmund shouts!
Sigmund misses you.
There are monsters nearby!
There are monsters nearby!
You hit Sigmund. You drain Sigmund. Your grab misses Sigmund.
Sigmund is moderately wounded.
Sigmund hits you with a +4 vampiric scythe!
You are too injured to fight recklessly!
You are too injured to fight recklessly!
You are too injured to fight recklessly!
You are too injured to fight recklessly!
You are too injured to fight recklessly!
You are too injured to fight recklessly!
You are too injured to fight recklessly!
You closely miss Sigmund. Your grab misses Sigmund.
Sigmund is moderately wounded.
You closely miss Sigmund. Your grab misses Sigmund.
Sigmund is moderately wounded.
Sigmund closely misses you.
You hit Sigmund but do no damage. You drain Sigmund. Your grab misses Sigmund.
Your squeeze misses Sigmund.
Sigmund is heavily wounded.
Sigmund hits you with a +4 vampiric scythe!
Ouch! That really hurt!
You die...

#####.##### # #
.......@.##.#...
#..###@B......
#...<.....#...
#.#########


You could see Sigmund (very drained) and a giant cockroach.

Vanquished Creatures
  3 endoplasms (D:1)
  2 goblins (D:1)
  2 hobgoblins (D:1)
  2 kobolds (D:1)
  A quokka (D:1)
  2 ball pythons (D:1)
  2 bats (D:1)
  2 rats (D:1)
16 creatures vanquished.

Notes
Turn   | Place    | Note
-------+----------+-------------------------------------------
     0 | D:1      | frimble the Octopode Warper began the quest for the Orb.
     0 | D:1      | Reached XP level 1. HP: 14/14 MP: 3/3
   337 | D:1      | Reached XP level 2. HP: 19/19 MP: 5/5
   779 | D:2      | Noticed Sigmund
   784 | D:2      | Slain by Sigmund

Illustrated notes

Levels and vault maps discovered:
D:1:      amcnicky_arrival_abandoned_market, layout_basic
D:2:      layout_loops_ring, dreamdust_ecumenical_altar_sealed_demon,
          serial_shops, shop, minmay_3d_cube, uniq_crazy_yiuf_cottage,
          uniq_natasha, uniq_sigmund

Action                     || total
---------------------------++-------
  Melee: Short sword       ||    35
         Constrict         ||     8
         Tentacles         ||     6
   Stab: Sleeping          ||     4
 Armour: Skin              ||     3
  Dodge: Dodged            ||    17

Table legend: (Time is in decaauts)
 A = Elapsed time spent in this place.
 B = Non-inter-level travel time spent in this place.
 C = Inter-level travel time spent in this place.
 D = Time resting spent in this place.
 E = Time spent auto-exploring this place.
 F = Levels seen in this place.
 G = Mean time per level.
                   A        B        C        D        E       F      G
               +--------+--------+--------+--------+--------+-----+--------+
         Total |    779 |    712 |     67 |      0 |    610 |   2 |  389.5 |
       Dungeon |    779 |    712 |     67 |      0 |    610 |   2 |  389.5 |
               +--------+--------+--------+--------+--------+-----+--------+

Top non-repeatable levels by time:
     D:1: 773 daAuts
     D:2: 6 daAuts
